 Dungeon Crawl Stone Soup version 0.17.0-28-g6e173f8 (webtiles) character file.

930 sugabear the Shield-Bearer (level 8, -7/48 HPs)
             Began as a Gargoyle Fighter on Nov 25, 2015.
             Killed by nerve-wracking pain
             ... invoked by an orc priest
              (12 damage)
             ... on level 5 of the Dungeon.
             The game lasted 00:07:51 (4020 turns).

sugabear the Shield-Bearer (Gargoyle Fighter)       Turns: 4020, Time: 00:07:51

Health: -7/48      AC:  8    Str: 22    XL:     8   Next: 11%
Magic:  8/8        EV:  9    Int:  9    God:
Gold:   287        SH: 10    Dex:  9    Spells: 0 memorised, 7 levels left

rFire  . . .     SeeInvis .     t - +1 hand axe (flame)
rCold  . . .     Clarity  .     b - +0 scale mail
rNeg   + . .     SustAt   .     c - +0 shield
rPois  ∞         Gourm    .     (no helmet)
rElec  +         Spirit   .     (no cloak)
rCorr  .         Warding  .     (no gloves)
rMut   .         Stasis   .     (no boots)
MR     .....                    (no amulet)
Stlth  ..........               (no ring)
                                (no ring)

@: corroded equipment, not resistant to hostile enchantments, extremely
unstealthy
A: negative energy resistance 1, electricity resistance, unbreathing,
petrification resistance, rot immunity, AC +5
a: no special abilities


You were on level 5 of the Dungeon.
You were not hungry.

You visited 1 branch of the dungeon, and saw 6 of its levels.

You collected 287 gold pieces.

Inventory:

Hand Weapons
 t - a +1 hand axe of flaming (weapon)
Armour
 b - a +0 scale mail (worn)
 c - a +0 shield (worn)
Scrolls
 g - a scroll of magic mapping {unknown}
 h - 7 scrolls of teleportation {unknown}
 j - 7 scrolls of identify {unknown}
 k - 2 scrolls of recharging {unknown}
 m - a scroll of noise {unknown}
 p - a scroll of fear {unknown}
 v - a scroll of remove curse {unknown}
 x - 4 scrolls of random uselessness {unknown}
 y - a scroll of immolation {unknown}
Potions
 a - a potion of mutation {unknown}
 d - a potion of brilliance {unknown}
 i - 2 potions of ambrosia {unknown}
 n - 2 potions of degeneration {unknown}
 o - a potion of cancellation {unknown}
 s - a potion of resistance {unknown}
 A - a potion of poison {unknown}
Comestibles
 e - 5 bread rations
 f - 2 royal jellies
 q - a beef jerky
 r - a slice of pizza
 u - a meat ration
 w - 4 fruits
 z - 6 chunks of flesh


   Skills:
 + Level 4.7 Fighting
 + Level 3.8 Axes
 + Level 5.0 Armour
 + Level 3.3 Dodging
 + Level 1.3 Stealth
 + Level 6.2 Shields


You had 7 spell levels left.
You didn't know any spells.

Dungeon Overview and Level Annotations

Branches:
Dungeon (6/15)
 Temple: D:4-7

Altars:
Elyvilon

Annotations:
D:5 mythicalmythos's ghost, novice OpTm


Innate Abilities, Weirdness & Mutations

You are resistant to torment.
Your stone body is resilient (AC +5).
You are immune to poison.
You resist negative energy.
You are resistant to electric shocks.
You can survive without breathing.
You are immune to petrification.
You are immune to rotting.


Message History

* * * LOW HITPOINT WARNING * * *
You block the orc wizard's attack.
The phantom hits you but does no damage.
The orc wizard hits you but does no damage.
Unknown command.
The orc wizard gestures wildly while chanting.
The orc wizard blinks!
The phantom hits you.
* * * LOW HITPOINT WARNING * * *
The phantom blinks!
You block the jelly's attack.
The phantom blinks!
The orc wizard mumbles some strange words.
The orc wizard blinks!
You block the orc priest's attack. The jelly hits you but does no damage.
You feel yourself speed up. The phantom closely misses you.
The orc wizard points at you and mumbles some strange words.
You resist with some effort.
The phantom blinks!
The phantom blinks!
The orc priest mumbles some strange prayers to Beogh against you.
Pain shoots through your body!
You die...

....... #...#...........#
....... #...'...........#
..... #...#.^.........# ....
#...#...........# #..
######...###...##
######)######...##'#####...##
......)§.........#...........
.........o.W.....#...........
.........WJ.@....#...........
...........§.....'...........
.......Wo........#...........
#####....##.....###..###....#
#....######'###..########
#.....#...........#......
#.....#...........#......
#.....#......############
#.... #......#


You could see 2 phantoms, a jelly, an orc priest, an orc wizard and
mythicalmythos's ghost.

Vanquished Creatures
  A steam dragon (D:5)
  An ogre (D:5)
  2 phantoms
  A centaur (D:5)
  A scorpion (D:4)
  A hound (D:4)
  3 orc priests
  An orc wizard (D:3)
  2 worker ants (D:4)
  7 adders
  4 gnolls (D:4)
  An ooze (D:1)
  5 worms
  24 orcs
  9 bats
  11 goblins
  8 hobgoblins
  8 jackals
  2 quokkas (D:4)
  A ball python (D:3)
  2 giant cockroaches
  4 giant geckos
  3 giant newts (D:2)
  A jackal skeleton (D:4)
  7 kobolds
  7 rats
117 creatures vanquished.

Notes
Turn   | Place    | Note
--------------------------------------------------------------
     0 | D:1      | sugabear the Gargoyle Fighter began the quest for the Orb.
     0 | D:1      | Reached XP level 1. HP: 14/14 MP: 1/1
   124 | D:1      | Reached XP level 2. HP: 19/19 MP: 2/2
   556 | D:1      | Reached XP level 3. HP: 22/24 MP: 3/3
   957 | D:2      | Reached skill level 4 in Shields
   959 | D:2      | Reached XP level 4. HP: 14/29 MP: 4/4
  1020 | D:2      | Reached skill level 1 in Dodging
  1422 | D:3      | Reached XP level 5. HP: 3/33 MP: 5/5
  2519 | D:4      | Found a white marble altar of Elyvilon.
  2544 | D:4      | Reached XP level 6. HP: 34/38 MP: 6/6
  2852 | D:5      | Entered Level 5 of the Dungeon
  2852 | D:5      | Noticed a steam dragon
  2906 | D:4      | Reached skill level 1 in Stealth
  2917 | D:4      | Noticed a phantom
  2955 | D:4      | Killed a phantom
  2955 | D:4      | Reached XP level 7. HP: 34/44 MP: 7/7
  2985 | D:4      | Reached skill level 5 in Shields
  3650 | D:5      | Killed a steam dragon
  3872 | D:5      | Reached XP level 8. HP: 41/48 MP: 8/8
  3985 | D:5      | Reached skill level 5 in Armour
  3985 | D:5      | Reached skill level 6 in Shields
  4002 | D:5      | Noticed mythicalmythos's ghost (novice OpTm)
  4020 | D:5      | Killed from afar by an orc priest

Action                   |  1- 3 |  4- 6 |  7- 9 || total
-------------------------+-------+-------+-------++-------
Melee: War axe           |   167 |    80 |       ||   247
       Hand axe          |       |   111 |   129 ||   240
  Use: Potion            |       |       |     3 ||     3
  Eat: Chunk             |       |     7 |     4 ||    11
